AoeStats
← _LY_抖音肥龙

Oasis

507507180Analyzed
4v4 RM · 13d ago on Sep 18, 2026· 32m 17s· 8 players
Game mode
Random Map
Map size
Large (8 player)
Population
200
Speed
Normal
Resources
Standard
Victory
Conquest
Starting age
Dark Age
Ending age
Imperial Age
RankedLock teamsTeams togetherTeam positionsShared explorationLock speedFull tech treeHidden civsTurbo modeCheats
Victory
Defeat
🇭🇰 Spanish · Hong Kong SAR China
1847
+9
🇧🇷 Franks · Brazil
1638
+17
🇨🇳 Persians · China
1602
+18
🇨🇳 Japanese · China
1590
+18
🇨🇳 Ethiopians · China
1724
-18
🇨🇳 Khmer · China
1706
-17
🇨🇳 Magyars · China
1688
-17
🇨🇳 Britons · China
1530
-10
Floripa
8:53 Feudal Age
9:41 Double-Bit Axe
11:54 Scale Barding Armor
12:00 Forging
12:18 Loom
19:26 Wheelbarrow
22:49 Castle Age
21:48 Gold Mining
22:51 Light Cavalry
24:26 Iron Casting
24:12 Husbandry
29:25 Chain Barding Armor
29:31 Devotion
29:50 Town Watch
32:05 Gold Shaft Mining
_LY_抖音肥龙
8:33 Feudal Age
7:52 Loom
9:25 Double-Bit Axe
9:41 Horse Collar
19:44 Castle Age
18:31 Fletching
19:41 Stone Mining
27:25 Wheelbarrow
27:39 Bow Saw
30:24 Hand Cart
32:30 Caravan
yuyuyuyuyu
10:21 Feudal Age
13:55 Castle Age
12:26 Horse Collar
12:51 Double-Bit Axe
14:55 Wheelbarrow
15:07 Bow Saw
22:32 Hand Cart
23:02 Gold Mining
24:01 Heavy Plow
23:54 Stone Mining
27:32 Imperial Age
25:49 Scale Barding Armor
25:55 Forging
26:24 Gold Shaft Mining
26:31 Bloodlines
26:22 Husbandry
26:26 Loom
26:26 Town Watch
27:30 Chain Barding Armor
27:22 Cavalier
27:59 Fletching
29:13 Two-Man Saw
29:05 Crop Rotation
29:35 Conscription
28:43 Savar
30:37 Plate Barding Armor
31:34 Iron Casting
30:49 Capped Ram
新竹
6:34 Loom
8:52 Feudal Age
8:55 Man-at-Arms
14:12 Double-Bit Axe
16:58 Horse Collar
27:35 Castle Age
25:35 Town Watch
28:06 Scale Mail Armor
28:17 Forging
27:42 Pikeman
28:37 Fletching
31:44 Chain Mail Armor
木龟硬挂帅
7:04 Loom
9:15 Feudal Age
11:50 Fletching
17:28 Double-Bit Axe
20:09 Wheelbarrow
24:55 Castle Age
22:57 Gold Mining
23:55 Horse Collar
25:06 Crossbowman
25:42 Bodkin Arrow
27:06 Ballistics
28:37 Gold Shaft Mining
29:00 Padded Archer Armor
裂车长
9:11 Feudal Age
8:08 Loom
9:59 Double-Bit Axe
18:14 Castle Age
16:38 Gold Mining
17:28 Bloodlines
17:07 Horse Collar
18:11 Scale Barding Armor
18:20 Light Cavalry
21:02 Chain Barding Armor
22:12 Bow Saw
24:23 Town Watch
27:15 Wheelbarrow
30:22 Hand Cart
30:02 Stone Mining
35:15 Imperial Age
愈演愈裂
8:35 Feudal Age
9:04 Double-Bit Axe
9:11 Horse Collar
12:28 Loom
14:00 Scale Barding Armor
15:23 Forging
17:02 Bloodlines
21:51 Castle Age
20:33 Gold Mining
21:54 Light Cavalry
22:34 Husbandry
23:14 Iron Casting
24:54 Wheelbarrow
26:58 Chain Barding Armor
31:13 Bow Saw
带带萌新
3:04 Loom
9:56 Feudal Age
28:24 Fletching
Connection lost

Rejoining the realm…

Still unreachable

The connection could not be restored.

Session expired

The server has moved on; the page needs a fresh start.